 Dungeon Crawl Stone Soup version 0.27-a0-883-g39567a0c06 (webtiles) character file.

Game seed: 8175044417145847336

44 HELP the Changer (level 3, 0/24 HPs)
             Began as an Octopode Transmuter on Apr 3, 2021.
             Slain by a gnoll
             ... wielding a +0 spear
              (7 damage)
             ... on level 2 of the Dungeon.
             The game lasted 00:05:04 (1802 turns).

HELP the Changer (Octopode Transmuter)              Turns: 1802, Time: 00:05:05

Health: 0/24       AC:  1    Str:  9    XL:     3   Next: 62%
Magic:  3/6        EV: 13    Int: 16    God:
Gold:   26         SH:  0    Dex: 12    Spells: 0/6 levels left

rFire    . . .     SeeInvis .   a - +0 whip
rCold    . . .     Faith    .   (no shield)
rNeg     . . .     Spirit   .   (helmet currently unavailable)
rPois    .         Reflect  .   (no amulet)
rElec    .         Harm     .   (no ring)
rCorr    .         Rampage  .   (no ring)
Will     .....                  (no ring)
Stlth    ++........             (no ring)
HPRegen  0.08/turn              (no ring)
MPRegen  0.10/turn              (no ring)
                                (no ring)
                                (no ring)

@: appendages (expiring), wereblooded
A: tentacle spike 3, almost no armour, amphibious, 8 rings, camouflage 1,
gelatinous body 1, (nimble swimmer 1), tentacles
a: End Transformation


You were on level 2 of the Dungeon.
One of your tentacles had grown a beastly spike.
You visited 1 branch of the dungeon, and saw 2 of its levels.

You collected 26 gold pieces.

Inventory:

Hand Weapons
 a - a +0 whip (weapon)
Missiles
 c - 9 poisoned darts
Scrolls
 b - a scroll of enchant weapon {unknown}
Potions
 d - a potion of might {unknown}
 e - a potion of curing {unknown}


   Skills:
 + Level 1.8 Fighting
 - Level 2.0 Dodging
 - Level 3.0 Unarmed Combat
 + Level 2.4 Spellcasting
 * Level 3.1 Transmutations


You couldn't memorise any spells.
You knew the following spells:

 Your Spells              Type           Power      Damage    Failure   Level
a - Beastly Appendage     Tmut           22%        N/A       5%          1
s - Spider Form           Tmut/Pois      3%         N/A       32%         3
w - Wereblood             Tmut           11%        N/A       9%          2

Your spell library contained the following spells:

 Spells                   Type           Power      Damage    Failure   Level
 Confusing Touch          Hex            1%         N/A       52%         3
 Gell's Gravitas          Tloc           0%         N/A       52%         3
 Ice Form                 Ice/Tmut       6%         N/A       71%         4
 Petrify                  Tmut/Erth      6%         N/A       71%         4
 Hydra Form               Tmut           5%         N/A       83%         5
 Yara's Violent Unravell  Hex/Tmut       3%         3d4       96%         5
 Metabolic Englaciation   Hex/Ice        0%         N/A       99%         5


Dungeon Overview and Level Annotations

Branches:
Dungeon (2/15)

Altars:

Annotations:
D:2 Sigmund


Innate Abilities, Weirdness & Mutations

One of your tentacles has grown a beastly spike.
You cannot wear most types of armour.
You are amphibious.
You can wear up to eight rings at the same time.
Your skin changes colour to match your surroundings (Stealth+).
Your rubbery body absorbs attacks. (AC +1, EV +1)
((You are camouflaged near water. (Stealth+)))
You have tentacles for arms and can constrict up to eight enemies at once.


Message History

4 gnolls come into view.
The gnoll shouts! x3
Casting: Beastly Appendage (safe; 6% risk of failure)
Confirm with . or Enter, or press ? or * to list all spells.
You fail to extend your transformation any further.
Casting: Beastly Appendage (safe; 6% risk of failure)
Confirm with . or Enter, or press ? or * to list all spells.
Your blood is infused with primal strength.
You hit the gnoll. You grab the gnoll. You squeeze the gnoll.
The gnoll is severely wounded.
You constrict the gnoll, but do no damage.
The gnoll hits you with a +0 club.
You hit the gnoll but do no damage.
The gnoll is severely wounded.
You constrict the gnoll, but do no damage.
The gnoll closely misses you.
The gnoll shouts!
You hit the gnoll. You squeeze the gnoll.
You kill the gnoll!
You hear a shout!
The gnoll hits you from afar with a +0 spear.
Your Transmutations skill increases to level 3!
You howl as the wereblood boils in your veins!
Your transformation is almost over.
The gnoll hits you from afar with a +0 spear.
A hobgoblin comes into view.
The gnoll closely misses you.
Things that are here:
a +0 club; a gnoll corpse You closely miss the gnoll.
You grab the gnoll.
You howl as the wereblood boils in your veins!
You constrict the gnoll, but do no damage.
The gnoll barely misses you. The gnoll closely misses you.
The gnoll hits you from afar with a +0 spear.
* * * LOW HITPOINT WARNING * * *
You hit the gnoll.
You pierce the gnoll.
The gnoll is severely wounded.
You constrict the gnoll. The gnoll barely misses you.
The gnoll hits you from afar with a +0 spear!
You die...

### #.. #.# #.# #.
#.# #.. ###.### #..
#.....# ##..
######)....#####...
#.@......†.....#..#
#g####.....###.....
#g #.....#####.#.
#g #.............
#. #.....#####.##
#g ##...## #.# #.
##### #.# .. #.#
#######.##


You could see 3 gnolls and a hobgoblin.

Vanquished Creatures
  A gnoll (D:2)
  2 dart slugs (D:2)
  7 bats
  3 endoplasms
  2 giant cockroaches
  2 goblins (D:1)
  2 hobgoblins (D:2)
  A kobold (D:2)
  2 quokkas (D:2)
  3 ball pythons (D:2)
  3 rats
28 creatures vanquished.

Notes
Turn   | Place    | Note
-------+----------+-------------------------------------------
     0 | D:1      | HELP the Octopode Transmuter began the quest for the Orb.
     0 | D:1      | Reached XP level 1. HP: 13/13 MP: 3/3
   542 | D:1      | Reached XP level 2. HP: 16/18 MP: 3/5
  1250 | D:2      | Reached XP level 3. HP: 16/23 MP: 4/6
  1253 | D:2      | Learned a level 2 spell: Wereblood
  1257 | D:2      | Learned a level 3 spell: Spider Form
  1767 | D:2      | Noticed Sigmund
  1802 | D:2      | Slain by a gnoll

Illustrated notes

Levels and vault maps discovered:
D:1:      minmay_arrival_three_doors, layout_rooms, serial_curves,
          eino_curves_01, eino_curves_04, eino_curves_04, eino_curves_03
D:2:      layout_loops_ring, basic_altar, minmay_quadrilaterals, uniq_natasha,
          uniq_sigmund

Skill      XL: |  1  2  3 |
---------------+----------+-----
Transmutations | 3 |  3.1
Fighting       | |  1.8
Dodging        | |  2.0
Unarmed Combat | |  3.0
Spellcasting   | |  2.4

Action                   || total
-------------------------++-------
Melee: Whip              ||    63
       Unarmed           ||     6
       Constrict         ||    20
       Tentacles         ||    12
       Kick              ||    11
       Punch             ||     3
 Cast: Beastly Appendage ||    14
       Wereblood         ||     1
 Stab: Sleeping          ||     2
       Distracted        ||     1
Armor: Skin              ||     7
Dodge: Dodged            ||    47

Table legend: (Time is in decaauts)
 A = Elapsed time spent in this place.
 B = Non-inter-level travel time spent in this place.
 C = Inter-level travel time spent in this place.
 D = Time resting spent in this place.
 E = Time spent auto-exploring this place.
 F = Levels seen in this place.
 G = Mean time per level.
                   A        B        C        D        E       F      G
               +--------+--------+--------+--------+--------+-----+--------+
         Total |   1807 |   1793 |     14 |    333 |   1172 |   2 |  903.5 |
       Dungeon |   1807 |   1793 |     14 |    333 |   1172 |   2 |  903.5 |
               +--------+--------+--------+--------+--------+-----+--------+

Top non-repeatable levels by time:
     D:1: 1072 daAuts
     D:2: 735 daAuts
